 Dungeon Sprint DCSS version 0.22.1-1-ga44c0e56f4 (webtiles) character file.

2069 MuseOD the Spear-Bearer (level 9, -6/121 HPs)
             Began as a Merfolk Berserker on Oct 5, 2018.
             Was a High Priest of Trog.
             Mangled by a crystal guardian (34 damage)
             ... in the Dungeon (Sprint II: "The Violet Keep of Menkaure").
             The game lasted 00:02:00 (670 turns).

MuseOD the Spear-Bearer (Merfolk Berserker)          Turns: 670, Time: 00:02:01

Health: -6/121     AC:  2    Str: 24    XL:     9   Next: 26%
Magic:  9/9        EV: 21    Int:  6    God:    Trog [*****.]
Gold:   810        SH:  0    Dex: 15    Spells: 8/8 levels left

rFire    . . .     SeeInvis .   a - +0 spear
rCold    . . .     Gourm    .   (no shield)
rNeg     . . .     Faith    .   b - +0 animal skin
rPois    .         Spirit   .   (no helmet)
rElec    .         Reflect  .   (no cloak)
rCorr    .         Harm     .   (no gloves)
MR       .....     NoTele   +   (no boots)
Stlth    ..........             (no amulet)
HPRegen  0.30/turn              (no ring)
MPRegen  0.11/turn              (no ring)

@: confused, berserking (expiring), very quick
A: change form in water, swift swim, stealthy swim, no potion heal 1
a: Berserk, Trog's Hand, Brothers in Arms, Renounce Religion


You were in the Dungeon.
You worshipped Trog.
Trog was extremely pleased with you.
You were not hungry.

You visited 1 branch You collected 810 gold pieces.

Inventory:

Hand Weapons
 a - a +0 spear (weapon)
Missiles
 c - 20 bolts
Armour
 b - a +0 animal skin (worn)
Scrolls
 i - a scroll of blinking
Potions
 d - a potion of curing
 f - a potion of haste
 g - 2 potions of magic
 h - a potion of berserk rage


   Skills:
 + Level 11.5 Fighting
 + Level 14.5 Polearms
 + Level 8.1 Armour
 + Level 13.2 Dodging


You had 8 spell levels left.
You didn't know any spells.
Your spell library was empty.

Dungeon Overview and Level Annotations

Branches:
Dungeon (1/1)

Altars:
Cheibriados
Dithmenos
Elyvilon
Hepliaklqana
Kikubaaqudgha
Makhleb
Qazlal
Ru
Sif Muna
Trog
Uskayaw
Vehumet
Wu Jian
Xom
Yredelemnul
Zin
The Shining One
Beogh
Jiyva
Lugonu

Shops:
D ?


Innate Abilities, Weirdness & Mutations

You revert to your normal form in water.
You are very nimble and swift while swimming.
You are very stealthy in the water. (Stealth+)
Potions are less effective at restoring your health.


Message History

You're too confused to move!
You are engulfed in noxious fumes.
You choke on the stench!
You are more confused.
You puncture the swamp drake!
You kill the swamp drake!
Trog accepts your kill.
You are engulfed in noxious fumes.
You choke on the stench!
You are more confused.
The crystal guardian fires a crystalline bolt at you.
The crystal bolt freezes you!
You are engulfed in noxious fumes.
You choke on the stench!
You are more confused.
You hit the crystal guardian but do no damage.
The crystal guardian hits you!!
* * * LOW HITPOINT WARNING * * *
You hit the crystal guardian but do no damage.
You're too confused to move!
The crystal guardian misses you.
You hit the crystal guardian but do no damage.
You bump into the stone wall.
The crystal guardian hits you!!
You die...

..## ... ... ## .. .. k#
##+##.. #. k# #.#.##.####
+^##8# ..#..# ...#
#..@#### ##.#####..##
##..##.# ##'###.##..#
+..#..# ##.##..##..#
#..#..# %
'.<.'.##'..####..##)# !(%
##.##.#.#....###..†##▓▓▓▓▓
##÷###.##......≈≈≈≈≈≈≈≈≈≈≈
#...####§≈...§.≈#+########
..#..#≈≈≈≈≈≈≈..≈#._._._..#


You could see a death drake, a crystal guardian and a swamp drake.

Vanquished Creatures
  A merfolk siren (D)
  A polar bear (D)
  4 neqoxecs (D)
  A swamp drake (D)
  4 necrophages (D)
  4 worker ants (D)
15 creatures vanquished.

Vanquished Creatures (collateral kills)
  A yaktaur (D)
  A hornet (D)
  2 polar bears (D)
4 creatures vanquished.

Vanquished Creatures (others)
  Menkaure (D)
  A crocodile (D)
2 creatures vanquished.

Grand Total: 21 creatures vanquished

Notes
Turn   | Place    | Note
-------+----------+-------------------------------------------
     0 | D        | MuseOD the Merfolk Berserker began the quest for the Orb.
     0 | D        | Reached XP level 1. HP: 18/18 MP: 1/1
     1 | D        | Noticed a merfolk siren
     7 | D        | Killed a merfolk siren
     7 | D        | Reached skill level 10 in Polearms
     7 | D        | Reached skill level 5 in Armour
     7 | D        | Reached XP level 2. HP: 32/32 MP: 2/2
     7 | D        | Reached XP level 3. HP: 37/37 MP: 3/3
     7 | D        | Reached XP level 4. HP: 44/44 MP: 4/4
     7 | D        | Reached XP level 5. HP: 49/49 MP: 5/5
     7 | D        | Reached XP level 6. HP: 56/56 MP: 6/6
    50 | D        | Killed Menkaure
    58 | D        | Reached ** piety under Trog
    67 | D        | Reached skill level 11 in Polearms
    70 | D        | Reached XP level 7. HP: 63/63 MP: 7/7
   131 | D        | Reached *** piety under Trog
   131 | D        | Reached skill level 10 in Dodging
   141 | D        | Reached skill level 12 in Polearms
   161 | D        | Found Kozoergh's Magic Scroll Shop.
   472 | D        | Noticed a neqoxec
   472 | D        | Noticed a neqoxec
   472 | D        | Noticed a neqoxec
   472 | D        | Noticed a neqoxec
   478 | D        | Killed a neqoxec
   478 | D        | Reached **** piety under Trog
   478 | D        | Reached skill level 10 in Fighting
   478 | D        | Reached XP level 8. HP: 72/72 MP: 8/8
   483 | D        | Gained mutation: Potions are less effective at restoring
                  | your health. [a neqoxec]
   487 | D        | Reached skill level 13 in Polearms
   490 | D        | Reached ***** piety under Trog
   528 | D        | Found a glowing silver altar of Zin.
   529 | D        | Found a glowing golden altar of the Shining One.
   529 | D        | Found a basalt altar of Yredelemnul.
   529 | D        | Found a hide-covered altar of Uskayaw.
   530 | D        | Found a shimmering altar of Xom.
   530 | D        | Found a bloodstained altar of Trog.
   531 | D        | Found an ornate altar of the Wu Jian Council.
   531 | D        | Found a deep blue altar of Sif Muna.
   531 | D        | Found a corrupted altar of Lugonu.
   531 | D        | Found a radiant altar of Vehumet.
   531 | D        | Found a burning altar of Makhleb.
   532 | D        | Found a sacrificial altar of Ru.
   532 | D        | Found an ancient bone altar of Kikubaaqudgha.
   532 | D        | Found a white marble altar of Elyvilon.
   533 | D        | Found a stormy altar of Qazlal.
   533 | D        | Found a viscous altar of Jiyva.
   533 | D        | Found a shadowy altar of Dithmenos.
   534 | D        | Found a hazy altar of Hepliaklqana.
   534 | D        | Found a snail-covered altar of Cheibriados.
   536 | D        | Found a roughly hewn altar of Beogh.
   537 | D        | Noticed a yaktaur
   537 | D        | Noticed a hornet
   537 | D        | Noticed a polar bear
   537 | D        | Noticed a polar bear
   550 | D        | Killed a polar bear
   551 | D        | Noticed a polar bear
   558 | D        | Killed a polar bear
   559 | D        | Killed a hornet
   559 | D        | Reached skill level 14 in Polearms
   559 | D        | Reached XP level 9. HP: 34/81 MP: 9/9
   561 | D        | Killed a yaktaur
   561 | D        | Killed a polar bear
   657 | D        | Noticed a death drake
   659 | D        | Noticed a death drake
   659 | D        | Noticed a crystal guardian
   670 | D        | Mangled by a crystal guardian

Skill      XL: |  1  2  3  4  5  6  7  8  9 |
---------------+----------------------------+-----
Fighting       | 8 10 11 | 11.5
Polearms       | 10 11 12 14 | 14.5
Armour         | 5 6 7 8 |  8.1
Dodging        | 9 11 12 13 | 13.2

Action                   |  1- 3 |  4- 6 |  7- 9 || total
-------------------------+-------+-------+-------++-------
Melee: Spear             |     5 |    16 |    59 ||    80
Invok: Berserk           |     1 |     1 |     4 ||     6
       Brothers in Arms  |       |       |     1 ||     1
  Use: Potion            |       |       |     1 ||     1
  Eat: Chunk             |       |       |     1 ||     1
       Ration            |       |       |     1 ||     1
Armor: Animal skin       |       |       |     3 ||     3
Dodge: Dodged            |     2 |     3 |    26 ||    31
